 Dungeon Crawl Stone Soup version 0.21.1-1-g345015fe64 (webtiles) character file.

94 Jannitor the Charlatan (level 4, -7/34 HPs)
             Began as a Mummy Artificer on Feb 10, 2018.
             Killed by divine providence
             ... invoked by an orc priest
              (10 damage)
             ... on level 3 of the Dungeon.
             The game lasted 00:09:54 (1860 turns).

Jannitor the Charlatan (Mummy Artificer)            Turns: 1860, Time: 00:09:55

Health: -7/34      AC:  5    Str: 18    XL:     4   Next: 38%
Magic:  6/6        EV: 11    Int: 10    God:
Gold:   60         SH:  0    Dex: 12    Spells: 3/3 levels left

rFire    x . .     SeeInvis .   i - +3 mace
rCold    + . .     Gourm    .   (no shield)
rNeg     + + +     Faith    .   o - +0 ring mail
rPois    ∞         Spirit   .   (no helmet)
rElec    .         Reflect  .   (no cloak)
rCorr    .         Harm     .   (no gloves)
MR       .....                  (no boots)
Stlth    +.........             (no amulet)
HPRegen  0.11/turn              n - +2 ring of strength
MPRegen  0.10/turn              (no ring)

@: no status effects
A: no food or potions, fire vulnerability, cold resistance 1, negative energy
resistance 3, torment resistance, unbreathing
a: no special abilities


You were on level 3 of the Dungeon.
You were not hungry.

You visited 1 branch of the dungeon, and saw 3 of its levels.

You collected 60 gold pieces.

Inventory:

Hand Weapons
 a - a +0 short sword
 i - a +3 mace (weapon)
Missiles
 m - 8 sling bullets
Armour
 b - a +0 leather armour
 o - a +0 ring mail (worn)
Jewellery
 n - a +2 ring of strength (left hand)
Wands
 c - a wand of flame (10)
 d - a wand of enslavement (7)
 e - a wand of random effects (12)
Scrolls
 f - 5 scrolls of identify {unknown}
 g - a scroll of amnesia {unknown}
 j - a scroll of blinking {unknown}
 k - a scroll of teleportation {unknown}
 l - 2 scrolls of enchant armour {unknown}
 p - a scroll of magic mapping {unknown}
Books
 h - a book of Misfortune

   Spells                             Type                      Level
   a - Confusing Touch                Hexes                        1
   b - Confuse                        Hexes                        3
   c - Gell's Gravitas                Translocation                3
   d - Petrify                        Transmutation/Earth          4
   e - Metabolic Englaciation         Hexes/Ice                    5
   f - Yara's Violent Unravelling     Hexes/Transmutation          5


   Skills:
 + Level 2.4 Fighting
 - Level 1.2 Short Blades
 + Level 1.2 Maces & Flails
 + Level 0.5 Armour
 - Level 1.5 Dodging
 - Level 0.7 Stealth
 + Level 3.1 Evocations


You had 3 spell levels left.
You didn't know any spells.

Dungeon Overview and Level Annotations

Branches:
Dungeon (3/15)

Altars:
Hepliaklqana


Innate Abilities, Weirdness & Mutations

You do not eat or drink.
Your flesh is vulnerable to fire.
You are immune to poison.
Your flesh is cold resistant. (rC+)
You are immune to negative energy. (rN+++)
You are immune to unholy pain and torment.
You can survive without breathing.


Message History

The orc warrior closely misses you. The orc barely misses you.
You hit the orc warrior.
The orc warrior is lightly wounded.
The orc hits you but does no damage. The orc warrior barely misses you.
You hit the orc warrior but do no damage.
The orc warrior is lightly wounded.
The orc hits you but does no damage. The orc warrior hits you with a mace!
You are too injured to fight recklessly!
Unknown command.
Unknown command.
Unknown command.
The orc warrior hits something with a mace.
The orc warrior hits the orc with a mace!!
The orc is killed!
The orc priest invokes the aid of Beogh against you.
Beogh smites you!
* * * LOW HITPOINT WARNING * * *
The orc priest calls down the wrath of Beogh upon you.
Beogh smites you!
You die...

#...# #######.##.#
....#####..........##
....................+
....#####.####.....##
#.#.# #.# ###.#.o#
#.#.# #.# #......#
....# #!# #.###.##
#.### #.# #.###.####
#+# #.# #...@o...#
#.# ......#####.# #.#
####. #.####.##### #
#.....)....#
#.##..o..#.#
#.###...##.# ..#
##.## o. .### #.# ...
## #.# ..##


You could see an orc priest and an orc.

Vanquished Creatures
  An orc priest (D:3)
  2 adders
  An ooze (D:1)
  A dart slug (D:2)
  3 leopard geckos (D:2)
  3 orcs
  2 giant cockroaches (D:2)
  4 goblins
  7 hobgoblins
  3 bats
  6 frilled lizards
  2 kobolds
  7 rats
42 creatures vanquished.

Vanquished Creatures (collateral kills)
  A dart slug (D:1)
  An orc (D:3)
  A goblin (D:2)
  A kobold (D:3)
4 creatures vanquished.

Vanquished Creatures (others)
  An adder (D:3)
1 creature vanquished.

Grand Total: 47 creatures vanquished

Notes
Turn   | Place    | Note
-------+----------+-------------------------------------------
     0 | D:1      | Jannitor the Mummy Artificer began the quest for the Orb.
     0 | D:1      | Reached XP level 1. HP: 15/15 MP: 2/2
   303 | D:1      | Reached skill level 1 in Short Blades
   355 | D:1      | You fall through a shaft!
   456 | D:2      | Reached XP level 2. HP: 17/21 MP: 3/3
   960 | D:1      | Reached XP level 3. HP: 25/27 MP: 5/5
  1260 | D:2      | Found a hazy altar of Hepliaklqana.
  1420 | D:2      | Reached skill level 3 in Evocations
  1717 | D:3      | Reached skill level 1 in Maces & Flails
  1778 | D:3      | Reached XP level 4. HP: 30/34 MP: 6/6
  1840 | D:3      | Noticed an orc warrior
  1860 | D:3      | Killed from afar by an orc priest

Skill      XL: |  1  2  3 |
---------------+----------+-----
Short Blades   | 1 |  1.2
Fighting       | 2 |  2.4
Evocations     | 3 |  3.1
Maces & Flails | 1 |  1.2
Armour         | |  0.5
Dodging        | |  1.5
Stealth        | |  0.7

Action                   |  1- 3 |  4- 6 || total
-------------------------+-------+-------++-------
Melee: Short sword       |    38 |       ||    38
       Mace              |    66 |    10 ||    76
Evoke: Wand              |    13 |     3 ||    16
 Stab: Sleeping          |     2 |       ||     2
Armor: Leather armour    |    23 |       ||    23
       Ring mail         |     8 |     3 ||    11
Dodge: Dodged            |    72 |     9 ||    81
